 Dungeon Crawl Stone Soup version 0.27.1-33-g824d729ab1 (webtiles) character file.

Game seed: 6756583742529356961

28 djsenpai the Shield-Bearer (level 2, -3/27 HPs)
             Began as a Minotaur Fighter on Dec 11, 2021.
             Slain by a scorpion (7 damage)
             ... on level 2 of the Dungeon.
             The game lasted 00:01:06 (906 turns).

djsenpai the Shield-Bearer (Minotaur Fighter)        Turns: 906, Time: 00:01:07

Health: -3/27      AC:  7    Str: 20    XL:     2   Next: 96%
Magic:  1/1        EV:  7    Int:  5    God:
Gold:   44         SH:  9    Dex:  9    Spells: 1/1 levels left

rFire    . . .     SeeInvis .   a - +0 war axe
rCold    . . .     Faith    .   c - +0 kite shield
rNeg     . . .     Spirit   .   b - +0 scale mail
rPois    .         Reflect  .   (helmet restricted)
rElec    .         Harm     .   (no cloak)
rCorr    .         Rampage  .   (no gloves)
Will     .....                  (no boots)
Stlth    ..........             (no amulet)
HPRegen  0.09/turn              (no ring)
MPRegen  0.07/turn              (no ring)

@: lethally poisoned (-3 -> -7)
A: horns 2, retaliatory headbutt
a: no special abilities


You were on level 2 of the Dungeon.
You visited 1 branch of the dungeon, and saw 2 of its levels.

You collected 44 gold pieces.

Inventory:

Hand Weapons
 a - a +0 war axe (weapon)
Armour
 b - a +0 scale mail (worn)
 c - a +0 kite shield (worn)
Scrolls
 e - a scroll of blinking {unknown}
 f - a scroll of immolation {unknown}
Potions
 d - a potion of might


   Skills:
 + Level 4.1 Fighting
 + Level 2.8 Axes
 + Level 4.0 Armour
 + Level 4.1 Shields


You had one spell level left.
You didn't know any spells.
Your spell library was empty.

Dungeon Overview and Level Annotations

Branches:
Dungeon (2/15)

Altars:


Innate Abilities, Weirdness & Mutations

You have a pair of horns on your head.
You reflexively headbutt those who attack you in melee.


Message History

Found a steel ring.
You block the bat's attack. You block the bat's attack.
You hit the scorpion but do no damage. The bat hits you but does no damage.
You block the scorpion's attack.
The scorpion stings you but does no damage.
You hit the scorpion but do no damage. You closely miss the bat.
You block the bat's attack. The scorpion stings you!
The bat hits you but does no damage. The scorpion stings you.
You slash the scorpion!
The scorpion is moderately wounded.
You closely miss the bat. You block the bat's attack.
The scorpion completely misses you. The bat hits you but does no damage.
The scorpion stings you!
You hit the scorpion. Your headbutt misses the scorpion.
The scorpion is severely wounded.
Your shield and scale mail prevent you from hitting the bat.
The bat hits you but does no damage. The scorpion barely misses you.
The bat hits you but does no damage. You block the scorpion's attack.
You barely miss the scorpion.
The scorpion is severely wounded.
You hit the bat but do no damage. The bat hits you but does no damage.
The scorpion stings you.
* * * LOW HITPOINT WARNING * * *
You hit the scorpion.
The scorpion is severely wounded.
Your shield and scale mail prevent you from hitting the bat.
You block the bat's attack. You block the scorpion's attack.
The scorpion barely misses you. The bat hits you but does no damage.
The scorpion stings you.
* * * LOW HITPOINT WARNING * * *
You are lethally poisoned!
The scorpion poisons you!
You barely miss the bat. You hit the scorpion but do no damage.
* * * LOW HITPOINT WARNING * * *
You feel very sick. The bat hits you but does no damage.
The bat barely misses you. You block the scorpion's attack.
* * * LOW HITPOINT WARNING * * *
You feel sick. The bat closely misses you. The scorpion stings you!
You die...

## . ..#### .. #....####
... ##......=# ....
##......... #.
.....######.......... #.#
#.......@s........ #.###
####...#.......... #.#.#
##.###b......... #.#.#
#..###.......... #.#.#
###.#†............ #.#.#
#...#............. ##...#
##.###....#........
##...###..###...........#.
.................########


You could see a scorpion and a bat.

Vanquished Creatures
  A ball python (D:1)
  3 endoplasms (D:1)
  2 giant cockroaches (D:1)
  3 hobgoblins (D:1)
  5 kobolds (D:1)
  2 quokkas (D:1)
  2 bats
  4 frilled lizards
  2 goblins (D:1)
  2 rats (D:1)
26 creatures vanquished.

Vanquished Creatures (others)
  A plant (D:1)
1 creature vanquished.

Grand Total: 27 creatures vanquished

Notes
Turn   | Place    | Note
-------+----------+-------------------------------------------
     0 | D:1      | djsenpai the Minotaur Fighter began the quest for the Orb.
     0 | D:1      | Reached XP level 1. HP: 19/19 MP: 0/0
   373 | D:1      | Reached XP level 2. HP: 27/27 MP: 1/1
   614 | D:1      | Found a faded altar of an unknown god.
   895 | D:2      | Noticed a scorpion
   906 | D:2      | Slain by a scorpion

Illustrated notes

Levels and vault maps discovered:
D:1:      dpeg_arrival_tiny_j, layout_basic,
          hellmonk_ecumenical_altar_heavens_door, serial_bayou_crossing
D:2:      layout_rooms

Skill      XL: |  1  2 |
---------------+-------+-----
Shields        | 4 |  4.1
Fighting       | 4 |  4.1
Armour         | 4 |  4.0
Axes           | |  2.8

Action                   || total
-------------------------++-------
Melee: War axe           ||    60
       Headbutt          ||     6
Armor: Scale mail        ||    37
Dodge: Dodged            ||    19
Block: Kite shield       ||    30
